 Dungeon Crawl Stone Soup version 0.14-a0-1969-g2c76abe (webtiles) character file.

173 Deemzul the Ducker (level 3, -1/25 HPs)
             Began as a Felid Monk on Jan 16, 2014.
             Was a Plaything of Xom.
             Slain by a worker ant (2 damage)
             ... on Level 3 of the Dungeon.
             The game lasted 00:05:38 (2691 turns).

Deemzul the Ducker (Felid Monk)                     Turns: 2691, Time: 00:05:39

HP  -1/25        AC 21     Str 12      XL: 3   Next: 76%
MP   5/5         EV  1     Int  9 (11) God: Xom
Gold 115         SH  0     Dex 25      Spells:  0 memorised,  2 levels left
Lives: 0, deaths: 1

rFire  . . .     SeeInvis +       - Unarmed
rCold  . . .     Clarity  .     (armour unavailable)
rNeg   + + +     Conserve .     (shield unavailable)
rPois  +         rCorr    .     (helmet unavailable)
rElec  .         rRot     .     (cloak unavailable)
SustAb . .       Spirit   .     (gloves unavailable)
rMut   .         Warding  .     (boots unavailable)
Saprov . . .     NoTele   +     (no amulet)
MR     .....                    (no ring)
                                q - +1 ring of dexterity

@: tree-form, confused, mighty, agile, mildly poisoned, not resistant to hostile
enchantments, stealthy
A: paw claws, no armour, no advanced items, (fangs 0), see invisible, carnivore
3, (speed 0), (shaggy fur 0), slow metabolism 1, jump 1
a: Jump Attack, Renounce Religion


You were on level 3 of the Dungeon.
You worshipped Xom.
You were a very special plaything of Xom.
You were not hungry.
You were an animated tree.
You visited 1 branch of the dungeon, and saw 4 of its levels.

You collected 115 gold pieces.

Inventory:

Comestibles
 a - a beef jerky
 b - 3 meat rations
Scrolls
 d - 3 scrolls of blinking {unknown}
 g - 3 scrolls of identify {unknown}
 i - a scroll of curse jewellery {unknown}
 j - 2 scrolls of fog {unknown}
 k - a scroll of magic mapping {unknown}
 l - a scroll of fear {unknown}
 n - a scroll of random uselessness {unknown}
 o - a scroll of teleportation {unknown}
 p - a scroll of amnesia {unknown}
Jewellery
 q - a +1 ring of dexterity (left branch)
Books
 r - a book of the Warp

   Spells                             Type                      Level
   Recall                             Summoning/Translocation      3
   Control Teleport                   Charms/Translocation         4
   Phase Shift                        Translocation                5
   Warp Weapon                        Charms/Translocation         5
   Dispersal                          Translocation                6
   Controlled Blink                   Translocation                7
   Disjunction                        Translocation                8


   Skills:
 + Level 3.4 Fighting
 + Level 5.0 Dodging
 - Level 3.1 Stealth
 + Level 3.9 Unarmed Combat


You had 2 spell levels left.
You didn't know any spells.

Dungeon Overview and Level Annotations

Branches:
Dungeon (4/16)
 Temple: D:4-7

Altars:
Nemelex Xobeh
Xom
Yredelemnul


Innate Abilities, Weirdness & Mutations

You cannot wear armour.
You are incapable of any advanced item manipulation.
((Your paws have sharp claws.))*
((You have razor-sharp teeth.))*
You have supernaturally acute eyesight.
You are carnivorous and can eat meat at any time.
((You cover ground quickly.))*
((You are covered in fur (AC +1).))*
You have a slow metabolism.
You can jump attack at a short distance.


Message History

It was a potion of degeneration.
The worker ant completely misses you.
Drink which item? (? for menu, Esc to quit)
You turn into an animated tree.
Your roots penetrate the ground.
It was a potion of lignification.
The worker ant bites you but does no damage.
Ouch! The worker ant bites you.
* * * LOW HITPOINT WARNING * * *
You are more poisoned.
The worker ant poisons you!
You cannot move.
Ouch!
The worker ant bites you but does no damage.
You're too confused!
Ouch!
* * * LOW HITPOINT WARNING * * *
You feel sick.
You feel a little better. The worker ant bites you.
You die...
Xom is highly amused!

#.#....# #%###..# #......#
######## #####.### #.)....#
#.... ###.####.# ##### ####.
#...(.##.####...## ##
#..%.....rha...#.######
##..#.>.#.###♣#....[...#
#....%..#.# #.###.####.#
#.........# ##...#####.######
#.#...#.### #####..........#
#.#...#.##########..#>.##.#.##
#.......##.......#..#........#
#.......##.......#[.#.....#..#
#.......##.......#..#.........
#..#.#<###........(.#.#.......


You could see a hound, a worker ant and a quokka.

Vanquished Creatures
  3 adders
  A giant centipede (D:4)
  3 worms (D:2)
  3 giant geckos
  2 oozes
  7 orcs (D:3)
  2 ball pythons
  5 bats
  5 goblins
  4 hobgoblins (D:1)
  3 quokkas
  4 giant newts
  7 kobolds
  5 rats
54 creatures vanquished.

Notes
Turn   | Place    | Note
--------------------------------------------------------------
     0 | D:1      | Deemzul, the Felid Monk, began the quest for the Orb.
     0 | D:1      | Reached XP level 1. HP: 9/9 MP: 2/2
   141 | D:1      | Reached XP level 2. HP: 7/13 MP: 3/3
   827 | D:2      | Found a sparkling altar of Nemelex Xobeh.
  1024 | D:2      | Found a shimmering altar of Xom.
  1075 | D:2      | Became a worshipper of Xom of Chaos
  1142 | D:2      | Reached XP level 3. HP: 14/16 MP: 5/5
  1569 | D:3      | Reached XP level 4. HP: 18/21 MP: 7/7
  2089 | D:3      | XOM: mild Pois miscast
  2382 | D:4      | XOM: polymorph giant newt -> giant centipede
  2402 | D:4      | XOM: confusion
  2406 | D:4      | XOM: confusion
  2411 | D:4      | XOM: noise
  2418 | D:3      | HP: 1/21 [hound (1)]
  2419 | D:3      | Slain by a worker ant
  2420 | D:3      | Reached XP level 3. HP: 0/17 MP: 5/5
  2451 | D:3      | Reached skill level 5 in Dodging
  2615 | D:3      | Found a basalt altar of Yredelemnul.
  2682 | D:3      | XOM: confusion
  2685 | D:3      | XOM: silly message
  2691 | D:3      | HP: 1/25 [poisoned by a worker ant]
  2691 | D:3      | Slain by a worker ant

Action                   |  1- 3 |  4- 6 || total
-------------------------+-------+-------++-------
Melee: Unarmed           |   108 |   102 ||   210
  Use: Potion            |     7 |     2 ||     9
 Stab: Sleeping          |     9 |     1 ||    10
